 Dungeon Crawl Stone Soup version 0.29-a0-275-g389c0b56f3 (webtiles) character file.

Game seed: 889475365198620451

214 PaleWalker the Bolt Thrower (level 6, -3/37 HPs)
             Began as a Kobold Hunter on Mar 11, 2022.
             Slain by a black bear (4 damage)
             ... on level 4 of the Dungeon.
             The game lasted 00:09:25 (4289 turns).

PaleWalker the Bolt Thrower (Kobold Hunter)         Turns: 4289, Time: 00:09:25

Health: -3/37      AC:  7    Str: 10    XL:     6   Next: 15%
Magic:  6/6        EV: 14    Int: 12    God:
Gold:   76         SH:  0    Dex: 17    Spells: 4/5 levels left

rFire   + . .      SeeInvis .   a - +1 hand crossbow
rCold   . . .      Faith    .   (no shield)
rNeg    . . .      Spirit   .   u - +2 leather armour {rF+}
rPois   .          Reflect  .   v - +0 helmet
rElec   .          Harm     .   j - scarf {shadows}
rCorr   .          Rampage  .   k - +0 pair of gloves
Will    .....                   (no boots)
Stlth   +++.......              (no amulet)
HPRegen 0.12/turn               (no ring)
MPRegen 0.10/turn               (no ring)

@: no status effects
A: small, no large weapons, nightstalker 3
a: no special abilities


You were on level 4 of the Dungeon.
You visited 1 branch of the dungeon, and saw 4 of its levels.

You collected 188 gold pieces.
You spent 112 gold pieces at shops.

Inventory:

Hand Weapons
 a - a +1 hand crossbow (weapon)
 b - a +0 dagger of speed
Missiles
 s - 4 curare-tipped darts
Armour
 h - a +0 kite shield
 j - a scarf of shadows (worn)
 k - a +0 pair of gloves (worn)
 u - a +2 leather armour of fire resistance (worn)
 v - a +0 helmet (worn)
Jewellery
 n - a ring of magical power
Scrolls
 c - a scroll of immolation
 d - a scroll of fog {unknown}
 e - 3 scrolls of teleportation {unknown}
 f - 3 scrolls of magic mapping {unknown}
 g - 2 scrolls of amnesia {unknown}
 i - 6 scrolls of identify {unknown}
 l - a scroll of torment {unknown}
 o - a scroll of silence {unknown}
 q - a scroll of holy word {unknown}
 r - 2 scrolls of enchant armour {unknown}
 t - a scroll of enchant weapon {unknown}
Potions
 m - a potion of curing {unknown}
 p - a potion of attraction {unknown}


   Skills:
 + Level 3.6 Fighting
 - Level 2.4 Short Blades
 * Level 6.7 Crossbows
 - Level 2.4 Dodging
 + Level 3.2 Stealth
 + Level 2.0 Summonings


You had 4 spell levels left.
You knew the following spells:

 Your Spells              Type           Power      Damage    Failure   Level
a - Summon Small Mammal   Summ           16%        N/A       21%         1

Your spell library contained the following spells:

 Spells                   Type           Power      Damage    Failure   Level
 Animate Skeleton         Necr           0%         N/A       41%         1
 Apportation              Tloc           0%         N/A       41%         1


Dungeon Overview and Level Annotations

Branches:
Dungeon (4/15)
 Temple: D:4-7

Altars:

Shops:
D:3 (


Innate Abilities, Weirdness & Mutations

You are small and have problems with some larger weapons.
You are completely attuned to the shadows.


Message History

You shoot a bolt. The bolt hits the black bear.
The black bear is heavily wounded.
The black bear misses you. The black bear claws you. The black bear misses you.
You shoot a bolt. The bolt hits the black bear.
The black bear is severely wounded.
The black bear goes berserk!
You shoot a bolt. The goblin shouts!
The bolt hits the black bear.
The black bear is severely wounded.
You hear an angry hiss.
You hear a shout! x2
The black bear bites you. The black bear barely misses you.
The black bear claws you but does no damage.
The goblin shoots a sling bullet.
The sling bullet barely misses you. The black bear bites you.
The black bear claws you but does no damage. x2
You are too injured to fight recklessly!
Shoot: a) +1 hand crossbow
Press: ? - help, Q - select action, (/) - cycle Shift-Dir - straight line, f/p - black bear
Aim: a black bear (severely wounded, berserk, 72% to hit)
You shoot a bolt. The bolt closely misses the black bear.
The black bear bites you!
* * * LOW HITPOINT WARNING * * *
The black bear completely misses you. The black bear closely misses you.
The goblin shoots a sling bullet.
The sling bullet closely misses you. The adder barely misses you.
The black bear bites you but does no damage.
The black bear claws you but does no damage.
The black bear misses you.
Unknown command.
Shoot: a) +1 hand crossbow
Press: ? - help, Q - select action, (/) - cycle Shift-Dir - straight line, f/p - black bear
Aim: a black bear (severely wounded, berserk, 72% to hit)
You shoot a bolt. The bolt hits the black bear!
The black bear is almost dead.
The adder closely misses you. The black bear bites you!
* * * LOW HITPOINT WARNING * * *
The black bear claws you but does no damage.
The black bear claws you.
You die...

##.#...###.)..#
#.....#
##...###
#....####..)...
.........
###)....#
#)))... ##.#.#
.....<##g.
..#..@.#†.
.##.Sh.g.g
..##.#..
...#.....
...S.....
........#
..##Sg...
..##.#...
.....####


You could see a black bear (berserk), an adder and a goblin.

Vanquished Creatures
  An orc wizard (D:3)
  Ijyb (D:3)
  Robin (D:4)
  6 adders
  A worm (D:2)
  5 orcs (D:3)
  6 endoplasms
  3 giant cockroaches
  17 goblins
  5 hobgoblins
  9 jackals
  5 quokkas
  4 ball pythons
  6 bats
  3 frilled lizards
  9 kobolds
  5 rats
87 creatures vanquished.

Notes
Turn   | Place    | Note
-------+----------+-------------------------------------------
     0 | D:1      | PaleWalker the Kobold Hunter began the quest for the Orb.
     0 | D:1      | Reached XP level 1. HP: 12/12 MP: 1/1
   241 | D:1      | Reached XP level 2. HP: 17/18 MP: 2/2
   421 | D:1      | Reached skill level 6 in Crossbows
   459 | D:1      | Learned a level 1 spell: Summon Small Mammal
   515 | D:1      | Reached XP level 3. HP: 22/22 MP: 3/3
  1316 | D:2      | Reached XP level 4. HP: 24/27 MP: 4/4
  1399 | D:2      | Reached skill level 1 in Summonings
  2680 | D:3      | Found Wefet's Weapon Emporium.
  2705 | D:3      | Noticed Ijyb
  2723 | D:3      | HP: 1/28 [Ijyb/+0 club (4)]
  2724 | D:3      | Killed Ijyb
  2725 | D:3      | Reached skill level 1 in Short Blades
  2725 | D:3      | Reached XP level 5. HP: 2/32 MP: 5/5
  3070 | D:3      | Bought a +0 dagger of speed for 112 gold pieces
  3123 | D:3      | Found a faded altar of an unknown god.
  3132 | D:3      | Got Plato's Almanac of Translocation
  4023 | D:4      | Noticed Robin
  4062 | D:4      | Noticed a lemure
  4062 | D:4      | Noticed a lemure
  4118 | D:4      | Reached XP level 6. HP: 34/37 MP: 6/6
  4144 | D:4      | Killed Robin
  4185 | D:4      | Noticed a black bear
  4289 | D:4      | HP: 1/37 [black bear (9)]
  4289 | D:4      | Slain by a black bear

Illustrated notes

Levels and vault maps discovered:
D:1:      wander_arrival_peaceful_grave, layout_loops_corners
D:2:      layout_loops_corners, minmay_tromino_v4_c
D:3:      layout_loops_cross, serial_shops, nicolae_shop_waterfront,
          shapermc_ecumenical_altar_rom_forum, hex_large, uniq_ijyb
D:4:      layout_rooms, minmay_temple_entry_purple_smoke, uniq_robin, uniq_pikel

Skill      XL: |  1  2  3  4  5  6 |
---------------+-------------------+-----
Crossbows      | 6 |  6.7
Fighting       | 3 |  3.6
Summonings     | 1 2 |  2.0
Stealth        | 2 3 |  3.2
Short Blades   | 1 2 |  2.4
Dodging        | |  2.4

Action                   |  1- 3 |  4- 6 || total
-------------------------+-------+-------++-------
Melee: Dagger            |       |     5 ||     5
 Fire: Hand crossbow     |    74 |   155 ||   229
 Stab: Sleeping          |       |     1 ||     1
Armor: Leather armour    |    10 |    24 ||    34
Dodge: Dodged            |    20 |    82 ||   102
Block: Kite shield       |     7 |       ||     7

Table legend: (Time is in decaauts)
 A = Elapsed time spent in this place.
 B = Non-inter-level travel time spent in this place.
 C = Inter-level travel time spent in this place.
 D = Time resting spent in this place.
 E = Time spent auto-exploring this place.
 F = Levels seen in this place.
 G = Mean time per level.
                   A        B        C        D        E       F      G
               +--------+--------+--------+--------+--------+-----+--------+
         Total |   4350 |   4193 |    157 |    562 |   3041 |   4 | 1087.5 |
       Dungeon |   4350 |   4193 |    157 |    562 |   3041 |   4 | 1087.5 |
               +--------+--------+--------+--------+--------+-----+--------+

Top non-repeatable levels by time:
     D:2: 1551 daAuts
     D:3: 1472 daAuts
     D:1: 1087 daAuts
     D:4: 239 daAuts
